AoeStats
← So sad

Nomad

510171904Analyzed
3v3 RM · 2d ago on Sep 29, 2026· 45m 21s· 6 players
Game mode
Random Map
Map size
210×210
Population
200
Speed
Normal
Resources
Standard
Victory
Conquest
Starting age
Dark Age
Ending age
Imperial Age
RankedLock teamsTeams togetherTeam positionsShared explorationLock speedFull tech treeHidden civsTurbo modeCheats
Victory
Defeat
🇨🇴 Mongols · Colombia
1520
+10
🇷🇺 Turks · Russia
1325
+17
🇨🇴 Italians · Colombia
1223
+21
🇺🇦 Slavs · Ukraine
1365
-16
🇧🇾 Varangians · Belarus
1356
-16
🇧🇾 Gurjaras · Belarus
1351
-16
KASPER
4:38 Loom
14:39 Feudal Age
19:33 Castle Age
19:24 Forging
19:20 Scale Barding Armor
19:43 Bloodlines
19:45 Horse Collar
24:25 Fletching
24:58 Husbandry
25:05 Double-Bit Axe
27:51 Heavy Plow
29:20 Bow Saw
31:19 Chain Barding Armor
32:55 Iron Casting
38:43 Imperial Age
37:04 Padded Archer Armor
36:59 Bodkin Arrow
38:22 Wheelbarrow
38:48 Thumb Ring
39:01 Leather Archer Armor
40:02 Parthian Tactics
41:07 Ballistics
42:21 Bracer
42:44 Sipahi
43:18 Plate Barding Armor
42:56 Murder Holes
43:43 Conscription
44:28 Blast Furnace
44:52 Heavy Camel Rider
Ryujin
2:51 Loom
15:02 Feudal Age
16:48 Double-Bit Axe
19:34 Castle Age
17:31 Fletching
17:42 Padded Archer Armor
17:49 Horse Collar
18:06 Gold Mining
20:11 Wheelbarrow
20:38 Bodkin Arrow
20:59 Leather Archer Armor
28:31 Ballistics
38:29 Town Watch
43:47 Imperial Age
41:56 Hand Cart
41:41 Town Patrol
45:28 Chemistry
44:32 Bracer
dialchacri
5:17 Loom
13:23 Feudal Age
17:11 Castle Age
15:27 Double-Bit Axe
18:10 Bow Saw
18:42 Medium Warships
18:47 Fletching
18:38 Demolition Ship
21:58 Bodkin Arrow
23:06 Town Watch
27:27 Horse Collar
30:22 Wheelbarrow
31:22 Ballistics
34:26 Imperial Age
36:27 Bracer
37:58 Chemistry
42:21 Conscription
So sad
2:52 Loom
4:40 Loom
14:00 Feudal Age
18:29 Castle Age
16:39 Town Watch
17:58 Double-Bit Axe
20:02 Bow Saw
28:18 Husbandry
28:58 Scale Barding Armor
29:57 Elite Skirmisher
NiL
12:30 Feudal Age
12:57 Fishing Lines
13:07 Double-Bit Axe
13:43 Loom
17:47 Castle Age
16:53 Padded Archer Armor
17:32 Town Watch
19:38 Wheelbarrow
18:59 Fletching
20:53 Gillnets
21:19 Pikeman
23:40 Hand Cart
25:11 Squires
33:39 Imperial Age
31:22 Elite Skirmisher
35:53 Chemistry
36:04 Ballistics
35:46 Bodkin Arrow
38:27 Masonry
42:37 Conscription
HURMA
5:00 Loom
13:08 Feudal Age
14:51 Fishing Lines
16:34 Double-Bit Axe
21:11 Castle Age
19:57 Forging
21:49 Fletching
22:17 Medium Warships
23:25 Bodkin Arrow
25:35 Wheelbarrow
24:51 Horse Collar
26:34 Scale Mail Armor
32:57 Heavy Plow
34:12 Ballistics
35:40 Hand Cart
34:55 Pikeman
35:30 Town Watch
39:25 Iron Casting
39:01 Squires
42:49 Imperial Age
41:34 Bloodlines
41:25 Husbandry
41:54 Scale Barding Armor
43:00 Chain Barding Armor
42:55 Gambesons
42:56 Arson
43:34 Bow Saw
43:06 Light Cavalry
43:54 Elite Jarl
45:50 Blast Furnace
Connection lost

Rejoining the realm…

Still unreachable

The connection could not be restored.

Session expired

The server has moved on; the page needs a fresh start.